 Dungeon Crawl Stone Soup version 0.26.0-10-g1f06aea511 (webtiles) character file.

Game seed: 11167186649720871887

135 Arum the Skirmisher (level 4, -1/37 HPs)
             Began as a Mummy Fighter on Jan 19, 2021.
             Was an Initiate of Ashenzari.
             Slain by Sigmund
             ... wielding a +3 scythe of venom
              (3 damage)
             ... on level 3 of the Dungeon.
             The game lasted 00:03:27 (2342 turns).

Arum the Skirmisher (Mummy Fighter)                 Turns: 2342, Time: 00:03:28

Health: -1/37      AC:  7    Str: 20    XL:     4   Next: 96%
Magic:  4/4        EV: 11    Int:  7    God:    Ashenzari [......]
Gold:   162        SH:  9    Dex: 11    Spells: 3/3 levels left

rFire    x . .     SeeInvis .   a - +0 long sword
rCold    + . .     Faith    .   c - +0 kite shield
rNeg     + + +     Spirit   .   b - +0 scale mail
rPois    ∞         Reflect  .   (no helmet)
rElec    .         Harm     .   m - scarf {repulsion}
rCorr    .         Rampage  .   l - +0 pair of gloves
Will     .....                  (no boots)
Stlth    ..........             (no amulet)
HPRegen  0.12/turn              h - +4 ring of evasion
MPRegen  0.09/turn              (no ring)

@: repel missiles
A: no potions, fire vulnerability, cold resistance 1, negative energy resistance
3, torment resistance, unbreathing
a: Renounce Religion, Curse Item


You were on level 3 of the Dungeon.
You worshipped Ashenzari.
Ashenzari was noncommittal.
You visited 1 branch of the dungeon, and saw 3 of its levels.

You collected 162 gold pieces.

Inventory:

Hand Weapons
 a - a +0 long sword (weapon)
Armour
 b - a +0 scale mail (worn)
 c - a +0 kite shield (worn)
 l - a +0 pair of gloves (worn)
 m - a scarf of repulsion (worn)
Jewellery
 h - a +4 ring of evasion (left hand)
Wands
 k - a wand of paralysis (7)
Scrolls
 d - a scroll of magic mapping {unknown}
 e - 5 scrolls of identify {unknown}
 f - a scroll of noise {unknown}
 g - a scroll of teleportation {unknown}
 i - 2 scrolls of enchant armour {unknown}
 j - 3 scrolls of amnesia {unknown}
 n - a scroll of remove curse


   Skills:
 + Level 4.1 Fighting
 + Level 2.7 Long Blades
 - Level 2.4 Armour
 + Level 3.3 Shields


You had 3 spell levels left.
You didn't know any spells.
Your spell library was empty.

Dungeon Overview and Level Annotations

Branches:
Dungeon (3/15)

Altars:
Ashenzari
Elyvilon
Yredelemnul

Annotations:
D:3 Sigmund


Innate Abilities, Weirdness & Mutations

You do not drink.
Your flesh is vulnerable to fire.
You are immune to poison.
Your flesh is cold resistant. (rC+)
You are immune to negative energy. (rN+++)
You are immune to unholy pain and torment.
You can survive without breathing.


Message History

You closely miss Sigmund.
Sigmund is lightly wounded.
The ooze closely misses you. You block Sigmund's attack. The ooze hits you.
You hit the ooze.
The ooze is heavily wounded.
The ooze hits you. Sigmund gestures at you while chanting.
The puff of flame hits you. The fire burns you terribly!
You slash the ooze!
You kill the ooze!
Sigmund casts a spell at you. The magic dart hits you.
You closely miss Sigmund.
Sigmund is lightly wounded.
Sigmund hits you with a +3 scythe of venom!
* * * LOW HITPOINT WARNING * * *
You barely miss Sigmund.
Sigmund is lightly wounded.
Sigmund hits you with a +3 scythe of venom.
You die...

#.# ##.#.....#.###. ##.##
#.#.......# . #...#
.....(.### . ##.## ###.###
#.# ##!###### #.#####
#......[## #.....#
#..###...###
#####.##########..###......
#....@@<).....#.....†.†
############..#.#..##.#
#.).....##.# #.......##.#
####.##.##.# #..##.##..
...##..... .######## .. #.


You could see Sigmund.

Vanquished Creatures
  An orc wizard (D:3)
  3 gnolls (D:2)
  An adder (D:2)
  An ooze (D:3)
  A dart slug (D:2)
  4 orcs (D:3)
  2 ball pythons
  10 bats
  4 giant cockroaches
  2 gnoll zombies (D:2)
  9 goblins
  7 hobgoblins
  2 jackals (D:1)
  3 kobolds (D:2)
  3 frilled lizards (D:2)
  9 rats
62 creatures vanquished.

Notes
Turn   | Place    | Note
-------+----------+-------------------------------------------
     0 | D:1      | Arum the Mummy Fighter began the quest for the Orb.
     0 | D:1      | Reached XP level 1. HP: 18/18 MP: 1/1
   110 | D:1      | Reached XP level 2. HP: 22/24 MP: 2/2
   697 | D:1      | Reached XP level 3. HP: 29/29 MP: 3/3
   976 | D:2      | Found a white marble altar of Elyvilon.
  1318 | D:2      | Reached XP level 4. HP: 35/37 MP: 4/4
  1389 | D:2      | Found a broken altar of Ashenzari.
  1397 | D:2      | Became a worshipper of Ashenzari the Shackled
  1523 | D:2      | Found a basalt altar of Yredelemnul.
  1637 | D:3      | Reached skill level 4 in Fighting
  1963 | D:3      | Noticed Sigmund
  2342 | D:3      | Slain by Sigmund

Illustrated notes

Levels and vault maps discovered:
D:1:      amcnicky_arrival_feature_with_door, layout_loops_ring
D:2:      layout_rooms, lemuel_crystal_altar, lemuel_zombie_altar_yredelemnul,
          nicolae_overflow_crystal_walls
D:3:      layout_loops_cross, lemuel_coloured_pillars_altar, uniq_sigmund

Skill      XL: |  1  2  3  4 |
---------------+-------------+-----
Long Blades    | 2 |  2.7
Shields        | 3 |  3.3
Fighting       | 4 |  4.1
Armour         | |  2.4

Action                   |  1- 3 |  4- 6 || total
-------------------------+-------+-------++-------
Melee: Long sword        |   126 |    93 ||   219
Armor: Scale mail        |    55 |    28 ||    83
Dodge: Dodged            |    45 |    50 ||    95
Block: Kite shield       |    76 |    50 ||   126
       Rpst.: Long sword |    18 |    14 ||    32
